Unix NetHack Version 5.0.0-0 post-release - last build May 31 2026 23:59:36 (970b52f25bf058293b47ddfd14a1e40e571c508c,branch:main).

Game began 2026-06-09 09:25:13, ended 2026-06-09 10:00:10.

LDaviesPeters, neutral female human Archeologist

                                  -------
                                  |..|..|
                                 --....@-- -----                     ---.---
            ------               |...).qq.--...--                   --.....--
          ---..|..|              |..............--           ----  --.......--
         --.......--             --..^...........--          |*.|  |..--.....|
         |.........|              --...............|         |..|  |..||^....--
        --........--               |...............--     ----.-----------)...|
       --.........|                |................#######.....(.....*...)..--
       |..--...^..|                |...............#-   |......--.---------..|
       |..--.....--                --..............|    |.---...<..|     --.--
      --.......).|                   --...........--    |.| --.....|    --..--
      |..|.......|     -----    ---------.......--     --.|  |...--- ---.....|
  -----.---.....)-------.|.------...............--- ----..|  --.--  --......--
---.....| ----.`.....--...........-----------.|...| |....--   |.|   |...*...|
|....---      ------...).........--         -----.---.----    |.--  --......|
|...-              ----....^.....|              |.....|       |...|  ---.----
----                |............|              ---..--       |...|    ---
                    |..--......--                 ----        |..--
                    ----|..|..--                               ---
                         ------
LDaviesPeters the Investigator  St:13 Dx:8 Co:15 In:16 Wi:18 Ch:8  Neutral
Dlvl:3  $:0  HP:0(46) Pw:42(42) AC:3  Xp:6 T:3711 

Latest messages:
 What do you want to rub on the stone? [V or ?*] V
 V - a worthless piece of yellow glass.
 What do you want to drop? [abdf-hk-np-rtwyDG-OSV or ?*] V
 You drop a worthless piece of yellow glass.
 You lash the elf zombie.
 You lash the elf zombie.
 You miss the elf zombie.
 The elf zombie hits!
 You lash the elf zombie.
 The elf zombie hits!
 You lash the elf zombie.
 The elf zombie hits!
 You destroy the elf zombie!
 You see here a gnome corpse.
 You climb up the stairs.
 You miss the rothe.
 The rothe hits!
 The rothe misses!
 The rothe bites!
 You lash the rothe.
 The rothe hits!
 The rothe bites!
 The rothe bites again!
 You miss the rothe.
 You miss the rothe.
 The rothe hits!
 The rothe misses!
 The rothe bites!
 You lash the rothe.
 The rothe just misses!
 The rothe bites!
 The rothe bites again!
 You lash the rothe.
 The rothe hits!
 The rothe bites!
 The rothe misses!
 You miss the rothe.
 The rothe hits!
 The rothe bites!
 The rothe bites again!
 You lash the rothe.
 The rothe hits!
 The rothe bites!
 The rothe bites again!
 You die...
 Do you want your possessions identified? [ynq] (y) y
 Do you want to see your attributes? [ynq] (y) y
 Do you want an account of creatures vanquished? [ynaq] (y) n
 Do you want to see your conduct and achievements? [ynq] (y) y
 Do you want to see the dungeon overview? [ynq] (y) n

Inventory:
 Amulets  ('"')
  q - an uncursed amulet of ESP (being worn)
 Weapons  (')')
  S - a blessed +5 arrow
  M - a blessed +0 dagger
  H - 3 +0 daggers
  r - a blessed +1 orcish dagger
  n - 2 +0 orcish daggers
  a - a +2 bullwhip (weapon in right hand)
 Armor    ('[')
  m - an uncursed +1 orcish helm (being worn)
  J - an uncursed +0 pair of leather gloves (being worn)
  I - an uncursed +0 pair of iron shoes (being worn)
  K - an uncursed burnt +0 cloak of displacement (being worn)
  G - an uncursed +0 mummy wrapping
  h - an uncursed +0 leather jacket (being worn)
 Comestibles  ('%')
  d - 6 uncursed food rations
  l - an uncursed lembas wafer
  t - 2 uncursed pears
  D - an uncursed sprig of wolfsbane
 Scrolls  ('?')
  w - an uncursed scroll of teleportation
 Rings    ('=')
  y - an uncursed +1 ring of protection (on left hand)
 Wands    ('/')
  k - a wand of cold (0:3)
  O - a wand of make invisible (0:6)
 Tools    ('(')
  b - an uncursed sack containing 9 items
  p - a +0 pick-axe
  N - an uncursed stethoscope
  f - a tinning kit (0:58)
 Gems/Stones  ('*')
  L - an uncursed jet stone
  g - an uncursed touchstone

Contents of the sack:
  213 gold pieces
  an uncursed scroll of blank paper
  an uncursed scroll of destroy armor
  an uncursed scroll of enchant armor
  an uncursed scroll of enchant weapon
  an uncursed scroll of identify
  an uncursed scroll of light
  an uncursed potion of blindness
  an uncursed potion of healing

LDaviesPeters the Archeologist's attributes:

Background:
 You were an Investigator, a level 6 female human Archeologist.
 You were neutral, on a mission for Camaxtli
 who was opposed by Quetzalcoatl (lawful) and Huhetotl (chaotic).
 You were right-handed.
 You were in the Gnomish Mines, on level 3.
 You entered the dungeon 3711 turns ago.
 You had 378 experience points, 262 more were needed to attain level 7.

Basics:
 You had 0 out of 46 hit points.
 You had all 42 energy points (spell power).
 Your armor class was 3.
 Your wallet was empty, but
 you had 213 zorkmids stashed away in your pack.
 Autopickup was off.

Final Characteristics:
 Your strength was 13 (limit:18/100).
 Your dexterity was 8 (limit:18).
 Your constitution was 15 (limit:18).
 Your intelligence was 16 (limit:18).
 Your wisdom was 18 (limit:18).
 Your charisma was 8 (limit:18).

Final Status:
 You weren't hungry.
 You were unencumbered.
 You were wielding a whip.
 You had basic skill with whip and could have enhanced that.

Final Attributes:
 You were piously aligned.
 You were telepathic.
 You had automatic searching.
 You were displaced.
 You were stealthy.
 You had a small defense bonus (+1).
 You were guarded.
 You are dead.

Miscellaneous:
 You didn't encounter any bones levels.
 Total elapsed playing time was 34 minutes and 57 seconds.

Major events:
 Turn
    1: LDaviesPeters the neutral female human Archeologist entered the dungeon
  620: entered the Gnomish Mines
  657: attained the rank of Field Worker (level 3)
 3534: attained the rank of Investigator (level 6)
 3711: killed by a rothe

You didn't know any spells.

Skills:
 Fighting Skills
   bare handed combat [Unskilled]
   two weapon combat  [Unskilled]
   riding             [Unskilled]
 Weapon Skills
   dagger             [Unskilled]
   knife              [Unskilled]
   pick-axe           [Basic]
   short sword        [Unskilled]
   saber              [Unskilled]
   club               [Unskilled]
   quarterstaff       [Unskilled]
   sling              [Unskilled]
   dart               [Unskilled]
   boomerang          [Unskilled]
   whip               [Basic]
   unicorn horn       [Unskilled]
 Spellcasting Skills
   attack spells      [Unskilled]
   healing spells     [Unskilled]
   divination spells  [Unskilled]
   matter spells      [Unskilled]

Voluntary challenges:
 Character rerolling was not enabled.
 You never genocided any monsters.
 You never polymorphed an object.
 You never changed form.
 You used no wishes.
Achievements:
 You entered the Gnomish Mines.
 You attained the rank of Field Worker.
 You attained the rank of Investigator.

 The Dungeons of Doom: levels 1 to 6
    Level 1:
       Many altars.
    Level 2:
       An altar.
       Stairs down to The Gnomish Mines.
    Level 3:
       A fountain, a sink.
    Level 4:
       A fountain, a grave.
    Level 5:
    Level 6:
 The Gnomish Mines: levels 3 to 4
    Level 3: <- You were here.
       Final resting place for
          you, killed by a rothe.
    Level 4:


Vanquished creatures:
  2 shriekers
  2 gnome leaders
  2 kobold mummies
  2 elf zombies
  2 giant ants
  a little dog
  a floating eye
  4 dwarves
  a giant bat
 an orc zombie
 an iguana
  a coyote
  2 large kobolds
  a hobgoblin
  3 giant rats
  a cave spider
  a green mold
 23 gnomes
  a garter snake
  2 gnome zombies
  7 jackals
  a fox
  a kobold
  3 goblins
  7 sewer rats
  7 grid bugs
  2 lichens
  3 newts
85 creatures vanquished.

No species were genocided or became extinct.

Game over:
                       ----------
                      /          \
                     /    REST    \
                    /      IN      \
                   /     PEACE      \
                  /                  \
                  |  LDaviesPeters   |
                  |      213 Au      |
                  |   killed by a    |
                  |      rothe       |
                  |                  |
                  |                  |
                  |       2026       |
                 *|     *  *  *      | *
        _________)/\\_//(\/(/\)/\//\/|_)_______

Goodbye LDaviesPeters the Archeologist...

You died in The Gnomish Mines on dungeon level 3 with 1964 points,
and 213 pieces of gold, after 3711 moves.
You were level 6 with a maximum of 46 hit points when you died.

